PAAA
ROYSE CITY TARGARYENS @ MILTON DOGFISH HEAD
07/28/2029
 
TOP OF THE 1ST
Royse City Targaryens batting - Pitching for Milton Dogfish Head : RHP Juan Lara
Pitching: RHP Juan Lara
Batting: RHB Albert Covington 0-0: SINGLE (Flyball, 34D)
Batting: LHB Jeff Lawson 0-0: Called Strike
0-1: Called Strike
0-2: Ball
Wild Pitch!
Albert Covington to second
1-2: Strikes out swinging
Batting: SHB Corey Neace 0-0: Foul Ball, location: 2F
0-1: Ball
1-1: Foul Ball, location: 2F
1-2: Strikes out swinging
Batting: LHB Gonzalo Álvarez 0-0: Fly out, F6 (Flyball, 6D)
Top of the 1st over - 0 runs, 1 hit, 0 errors, 1 left on base; Royse City 0 - Milton 0
BOTTOM OF THE 1ST
Milton Dogfish Head batting - Pitching for Royse City Targaryens : LHP Stanford McCain
Pitching: LHP Stanford McCain
Batting: RHB Miguel Montoya 0-0: Called Strike
0-1: Ball
1-1: Ball
2-1: SINGLE (Groundball, 6MD)
Batting: LHB Víctor Robledo 0-0: Ball
1-0: Foul Ball, location: 2F
1-1: SINGLE (Groundball, 4D)
Miguel Montoya to second
Runner from 2nd tries for 3rd, SAFE, no throw
Batting: RHB Rob Gray 0-0: Ball
1-0: Called Strike
1-1: Fly out, F8 (Flyball, 78M)
Runner from 3rd tags up, SCORES, no throw
Batting: RHB Paco Muñóz 0-0: Ball
1-0: Called Strike
Pickoff Throw to First - Out!
1-1: Foul Ball, location: 2F
1-2: Strikes out swinging
Bottom of the 1st over - 1 run, 2 hits, 0 errors, 0 left on base; Royse City 0 - Milton 1
TOP OF THE 2ND
Royse City Targaryens batting - Pitching for Milton Dogfish Head : RHP Juan Lara
Batting: LHB Terrence Eler 0-0: Swinging Strike
0-1: Foul Ball, location: 2F
0-2: Ball
1-2: Ball
2-2: Ground out 6-3 (Groundball, 6D)
Batting: RHB Diego Bonilla 0-0: Ball
1-0: Called Strike
1-1: Fly out, F9 (Flyball, 9)
Batting: RHB Fokke Willemsen 0-0: Ball
1-0: Ball
2-0: Called Strike
2-1: Swinging Strike
2-2: Fly out, F9 (Flyball, 9)
Top of the 2nd over - 0 runs, 0 hits, 0 errors, 0 left on base; Royse City 0 - Milton 1
BOTTOM OF THE 2ND
Milton Dogfish Head batting - Pitching for Royse City Targaryens : LHP Stanford McCain
Batting: SHB Enrique Costello 0-0: Ball
1-0: Fly out, F4 (Popup, 34D)
Batting: RHB Luis Alomar 0-0: Ball
1-0: Ball
2-0: Ball
3-0: Called Strike
3-1: Called Strike
3-2: Fly out, F7 (Flyball, 78S)
Batting: RHB Miguel Uribe 0-0: Ball
1-0: Ball
2-0: Ball
3-0: Base on Balls
Batting: LHB Edward Woodstock 0-0: Foul Ball, location: 2F
0-1: SINGLE (Groundball, 4D)
Miguel Uribe to second
Runner from 2nd tries for 3rd, SAFE, throw made at trailing runner, OUT!
Bottom of the 2nd over - 0 runs, 1 hit, 0 errors, 1 left on base; Royse City 0 - Milton 1
TOP OF THE 3RD
Royse City Targaryens batting - Pitching for Milton Dogfish Head : RHP Juan Lara
Batting: RHB Bryant Skelly 0-0: Ball
1-0: Ball
2-0: Called Strike
2-1: Called Strike
2-2: Foul Ball, location: 2F
2-2: Ball
3-2: Ground out 1-3 (Groundball, 15S)
Batting: RHB Fernando Rivera 0-0: Fly out, F8 (Flyball, 8RM)
Batting: RHB Albert Covington 0-0: Called Strike
0-1: Fly out, F8 (Flyball, 8RM)
Top of the 3rd over - 0 runs, 0 hits, 0 errors, 0 left on base; Royse City 0 - Milton 1
BOTTOM OF THE 3RD
Milton Dogfish Head batting - Pitching for Royse City Targaryens : LHP Stanford McCain
Batting: LHB Floyd Long 0-0: Foul Ball, location: 2F
0-1: Swinging Strike
0-2: Ball
1-2: Strikes out swinging
Batting: RHB Miguel Montoya 0-0: Called Strike
0-1: Swinging Strike
0-2: Foul Ball, location: 2F
0-2: Fly out, F8 (Flyball, 8LS)
Batting: LHB Víctor Robledo 0-0: Called Strike
0-1: Called Strike
0-2: Fly out, F6 (Popup, 6S)
Bottom of the 3rd over - 0 runs, 0 hits, 0 errors, 0 left on base; Royse City 0 - Milton 1
TOP OF THE 4TH
Royse City Targaryens batting - Pitching for Milton Dogfish Head : RHP Juan Lara
Batting: LHB Jeff Lawson 0-0: Ball
1-0: Ground out 4-3 (Groundball, 4)
Batting: SHB Corey Neace 0-0: Foul Ball, location: 2F
0-1: SOLO HOME RUN (Line Drive, 9D), Distance : 364 ft
Batting: LHB Gonzalo Álvarez 0-0: Foul Ball, location: 2F
0-1: Ball
1-1: SINGLE (Flyball, 56D)
Batting: LHB Terrence Eler 0-0: Ball
1-0: Called Strike
1-1: Ball
Gonzalo Álvarez steals 2nd base
2-1: Ball
3-1: Base on Balls
Batting: RHB Diego Bonilla 0-0: SINGLE (Flyball, 7LS)
Gonzalo Álvarez to third
Terrence Eler to second
Runner from 3rd tries for Home, SAFE, no throw
Batting: RHB Fokke Willemsen 0-0: Ball
1-0: Called Strike
1-1: Ball
2-1: Ball
3-1: Foul Ball, location: 2F
3-2: Strikes out swinging
Batting: RHB Bryant Skelly 0-0: Ball
1-0: Ball
2-0: Ground out 3-1 (Groundball, 34)
Top of the 4th over - 2 runs, 3 hits, 0 errors, 2 left on base; Royse City 2 - Milton 1
BOTTOM OF THE 4TH
Milton Dogfish Head batting - Pitching for Royse City Targaryens : LHP Stanford McCain
Batting: RHB Rob Gray 0-0: Ball
1-0: Ball
2-0: Called Strike
2-1: Ball
3-1: Fly out, F7 (Flyball, 78S)
Batting: RHB Paco Muñóz 0-0: DOUBLE (Flyball, 8LXD)
Batting: SHB Enrique Costello 0-0: Fly out, F9 (Flyball, 9)
Batting: RHB Luis Alomar 0-0: Ball
1-0: Called Strike
1-1: Foul Ball, location: 2F
1-2: Foul Ball, location: 2F
1-2: Hit by Pitch
Batting: RHB Miguel Uribe 0-0: Swinging Strike
0-1: Called Strike
0-2: Ball
1-2: Strikes out swinging
Bottom of the 4th over - 0 runs, 1 hit, 0 errors, 2 left on base; Royse City 2 - Milton 1
TOP OF THE 5TH
Royse City Targaryens batting - Pitching for Milton Dogfish Head : RHP Juan Lara
Batting: RHB Fernando Rivera 0-0: Called Strike
0-1: Ball
1-1: Ground out 5-3 (Groundball, 56S)
Batting: RHB Albert Covington 0-0: Fly out, F6 (Line Drive, 6)
Batting: LHB Jeff Lawson 0-0: Called Strike
0-1: Foul Ball, location: 2F
0-2: Ball
1-2: Ball
2-2: Ball
3-2: Base on Balls
Batting: SHB Corey Neace 0-0: Ball
Jeff Lawson is caught stealing 2nd base
Top of the 5th over - 0 runs, 0 hits, 0 errors, 0 left on base; Royse City 2 - Milton 1
BOTTOM OF THE 5TH
Milton Dogfish Head batting - Pitching for Royse City Targaryens : LHP Stanford McCain
Batting: LHB Edward Woodstock 0-0: Foul Ball, location: 2F
0-1: Fly out, F9 (Flyball, 9)
Batting: LHB Floyd Long 0-0: Ball
1-0: Called Strike
1-1: Ball
2-1: Hit by Pitch
Batting: RHB Miguel Montoya 0-0: Ball
1-0: Called Strike
1-1: Ball
2-1: Grounds into double play, 6-4-3 (Groundball, 6)
Bottom of the 5th over - 0 runs, 0 hits, 0 errors, 0 left on base; Royse City 2 - Milton 1
TOP OF THE 6TH
Royse City Targaryens batting - Pitching for Milton Dogfish Head : RHP Juan Lara
Batting: SHB Corey Neace 0-0: Called Strike
0-1: Ball
1-1: Ball
2-1: Ball
3-1: Called Strike
3-2: Fly out, F9 (Line Drive, 9)
Batting: LHB Gonzalo Álvarez 0-0: Ball
1-0: DOUBLE (Groundball, 5L)
Batting: LHB Terrence Eler 0-0: Intentional Walk
Batting: RHB Diego Bonilla 0-0: Called Strike
Gonzalo Álvarez steals 3rd base
0-1: Swinging Strike
0-2: Ball
1-2: Ball
2-2: DOUBLE (Line Drive, 89XD)
Gonzalo Álvarez scores
Terrence Eler to third
Batting: RHB Fokke Willemsen 0-0: Intentional Walk
Batting: RHB Bryant Skelly 0-0: Foul Ball, location: 2F
0-1: Fly out, F7 (Flyball, 7D)
Runner from 3rd tags up, SCORES, throw made
Batting: RHB Fernando Rivera 0-0: Ball
1-0: Fly out, F9 (Flyball, 9LD)
Top of the 6th over - 2 runs, 2 hits, 0 errors, 2 left on base; Royse City 4 - Milton 1
BOTTOM OF THE 6TH
Milton Dogfish Head batting - Pitching for Royse City Targaryens : LHP Stanford McCain
Batting: LHB Víctor Robledo 0-0: Foul Ball, location: 2F
0-1: Swinging Strike
0-2: Ball
1-2: Ball
2-2: Foul Ball, location: 2F
2-2: Fly out, F9 (Flyball, 9LMF)
Batting: RHB Rob Gray 0-0: Called Strike
0-1: Ball
1-1: Ball
2-1: Foul Ball, location: 2F
2-2: Ball
3-2: Strikes out swinging
Batting: RHB Paco Muñóz 0-0: Ball
1-0: Ball
2-0: Called Strike
2-1: Ball
3-1: Swinging Strike
3-2: Fly out, F5 (Flyball, 5D)
Bottom of the 6th over - 0 runs, 0 hits, 0 errors, 0 left on base; Royse City 4 - Milton 1
TOP OF THE 7TH
Royse City Targaryens batting - Pitching for Milton Dogfish Head : RHP Juan Lara
Batting: RHB Albert Covington 0-0: Called Strike
0-1: Ball
1-1: Ball
2-1: Ball
3-1: Called Strike
3-2: Base on Balls
Batting: LHB Jeff Lawson 0-0: Ball
1-0: Bunted foul
1-1: Bunted foul
1-2: Ball
2-2: Ball
3-2: Base on Balls
Albert Covington to second
Batting: SHB Corey Neace 0-0: DOUBLE (Flyball, 7LD)
Albert Covington scores
Jeff Lawson to third
Batting: LHB Gonzalo Álvarez 0-0: Fly out, F7 (Line Drive, 7)
Runner from 3rd tags up, OUT at HOME
Corey Neace to third
Batting: LHB Terrence Eler 0-0: SINGLE (Flyball, 78S)
Corey Neace scores
Pitching: RHP Manny Pérez
Batting: RHB Diego Bonilla 0-0: Called Strike
0-1: Ground out 4-3 (Groundball, 4)
Top of the 7th over - 2 runs, 2 hits, 0 errors, 1 left on base; Royse City 6 - Milton 1
BOTTOM OF THE 7TH
Milton Dogfish Head batting - Pitching for Royse City Targaryens : LHP Stanford McCain
Batting: SHB Enrique Costello 0-0: Foul Ball, location: 2F
0-1: Ball
1-1: Fly out, F7 (Flyball, 7)
Batting: RHB Luis Alomar 0-0: Ground out 5-3 (Groundball, 56S)
Batting: RHB Miguel Uribe 0-0: Ball
1-0: Foul Ball, location: 2F
1-1: Ball
2-1: Fly out, F9 (Flyball, 89M)
Bottom of the 7th over - 0 runs, 0 hits, 0 errors, 0 left on base; Royse City 6 - Milton 1
TOP OF THE 8TH
Royse City Targaryens batting - Pitching for Milton Dogfish Head : RHP Manny Pérez
Batting: RHB Fokke Willemsen 0-0: Foul Ball, location: 2F
0-1: Fly out, F9 (Flyball, 9)
Batting: RHB Bryant Skelly 0-0: Ball
1-0: Called Strike
1-1: Ball
2-1: Called Strike
2-2: Fly out, F8 (Line Drive, 8LM)
Batting: RHB Fernando Rivera 0-0: Foul Ball, location: 2F
0-1: Foul Ball, location: 2F
0-2: SINGLE (Groundball, 34D)
Batting: RHB Albert Covington 0-0: Ball
1-0: Ball
2-0: Called Strike
2-1: Swinging Strike
2-2: Fly out, F4 (Line Drive, 34)
Top of the 8th over - 0 runs, 1 hit, 0 errors, 1 left on base; Royse City 6 - Milton 1
BOTTOM OF THE 8TH
Milton Dogfish Head batting - Pitching for Royse City Targaryens : LHP Stanford McCain
Batting: LHB Edward Woodstock 0-0: Called Strike
0-1: Foul Ball, location: 2F
0-2: Ground out 1-3 (Groundball, P)
Pitching: RHP Kirby Brown
Batting: LHB Floyd Long 0-0: Ball
1-0: Ball
2-0: Called Strike
2-1: Foul Ball, location: 2F
2-2: Ball
3-2: Foul Ball, location: 2F
3-2: Foul Ball, location: 2F
3-2: Base on Balls
Batting: RHB Miguel Montoya 0-0: Ball
1-0: Ball
2-0: Foul Ball, location: 2F
2-1: Foul Ball, location: 2F
2-2: Ball
3-2: 2-RUN HOME RUN (Flyball, 9D), Distance : 375 ft
Pitching: RHP Harry Mander
Batting: LHB Víctor Robledo 0-0: Ball
1-0: Called Strike
1-1: SINGLE (Flyball, 89S)
Batting: RHB Rob Gray 0-0: SINGLE (Groundball, 34) (infield hit)
Víctor Robledo to second
Batting: RHB Paco Muñóz 0-0: Ball
1-0: Foul Ball, location: 2F
1-1: Swinging Strike
1-2: Foul Ball, location: 2F
1-2: Grounds into double play, 6-4-3 (Groundball, 6)
Bottom of the 8th over - 2 runs, 3 hits, 0 errors, 1 left on base; Royse City 6 - Milton 3
TOP OF THE 9TH
Royse City Targaryens batting - Pitching for Milton Dogfish Head : RHP Manny Pérez
Batting: LHB Jeff Lawson 0-0: Called Strike
0-1: Called Strike
0-2: SINGLE (Groundball, 4MD)
Batting: SHB Corey Neace 0-0: Called Strike
0-1: Foul Ball, location: 2F
0-2: Ball
Wild Pitch!
Jeff Lawson to second
1-2: Ball
2-2: Ball
3-2: Foul Ball, location: 2F
3-2: Fly out, F6 (Popup, 6M)
Batting: LHB Gonzalo Álvarez 0-0: Ball
Wild Pitch!
Jeff Lawson to third
1-0: Called Strike
1-1: SINGLE (Line Drive, 89S)
Jeff Lawson scores
Batting: LHB Terrence Eler 0-0: Called Strike
0-1: Ball
1-1: Ball
2-1: Swinging Strike
2-2: Ball
3-2: Foul Ball, location: 2F
3-2: SINGLE (Groundball, 34D)
Gonzalo Álvarez to second
Runner from 2nd tries for 3rd, SAFE, no throw
Batting: RHB Diego Bonilla 0-0: Ball
1-0: Ball
2-0: SINGLE (Line Drive, 8RS)
Gonzalo Álvarez scores
Terrence Eler to second
Batting: RHB Fokke Willemsen 0-0: Ball
1-0: Ball
2-0: Ball
3-0: Called Strike
3-1: Base on Balls
Terrence Eler to third
Diego Bonilla to second
Batting: RHB Bryant Skelly 0-0: Called Strike
0-1: Ball
1-1: Called Strike
1-2: Foul Ball, location: 2F
1-2: Ball
2-2: DOUBLE (Line Drive, 7LM)
Terrence Eler scores
Diego Bonilla scores
Fokke Willemsen to third
Batting: RHB Fernando Rivera 0-0: Ball
1-0: SINGLE (Groundball, 56S) (infield hit)
Fokke Willemsen scores
Bryant Skelly to third
Batting: RHB Albert Covington 0-0: Ball
1-0: Ball
2-0: Ball
3-0: Called Strike
3-1: Called Strike
3-2: Foul Ball, location: 2F
3-2: Fly out, F8 (Flyball, 8LD)
Runner from 3rd tags up, SCORES, throw made
Batting: LHB Jeff Lawson 0-0: Called Strike
Fernando Rivera steals 2nd base
0-1: Ball
1-1: Called Strike
1-2: SINGLE (Groundball, 3D)
Fernando Rivera to third
Runner from 3rd tries for Home, SAFE, no throw
Batting: SHB Corey Neace 0-0: SINGLE (Groundball, 23) (infield hit)
Jeff Lawson to second
Batting: LHB Gonzalo Álvarez 0-0: Ball
1-0: Ball
2-0: Called Strike
2-1: Ground out 4-3 (Groundball, 4)
Top of the 9th over - 7 runs, 8 hits, 0 errors, 2 left on base; Royse City 13 - Milton 3
BOTTOM OF THE 9TH
Milton Dogfish Head batting - Pitching for Royse City Targaryens : RHP Harry Mander
Batting: SHB Enrique Costello 0-0: Foul Ball, location: 2F
0-1: Fly out, F9 (Flyball, 9LD)
Batting: RHB Luis Alomar 0-0: Called Strike
0-1: Ball
1-1: SINGLE (Groundball, 6MD)
Batting: RHB Miguel Uribe 0-0: SINGLE (Groundball, 56D)
Luis Alomar to second
Batting: LHB Edward Woodstock 0-0: Ball
1-0: Called Strike
1-1: Foul Ball, location: 2F
1-2: Fly out, F3 (Popup, 3L)
Batting: LHB Floyd Long 0-0: Ball
1-0: Called Strike
1-1: Ball
2-1: Called Strike
2-2: Ball
3-2: SINGLE (Line Drive, 3S)
Luis Alomar to third
Miguel Uribe to second
Luis Alomar scores
Miguel Uribe to third
Batting: RHB Miguel Montoya 0-0: Called Strike
0-1: Foul Ball, location: 2F
0-2: Ball
1-2: Ball
2-2: Strikes out swinging
Bottom of the 9th over - 1 run, 3 hits, 0 errors, 2 left on base; Royse City 13 - Milton 4
Tuesday, December 19th, 2017 - OOTP Baseball 18.8 Build 76